 Dungeon Crawl Stone Soup version 0.28.0-43-g3370ac3207 (webtiles) character file.

Game seed: 10311063051087281383

18 Peloso the Covered (level 2, 0/27 HPs)
             Began as a Minotaur Fighter on Mar 27, 2022.
             Slain by a ball python (2 damage)
             ... on level 1 of the Dungeon.
             The game lasted 00:00:25 (137 turns).

Peloso the Covered (Minotaur Fighter)                Turns: 137, Time: 00:00:25

Health: 0/27       AC:  7    Str: 20    XL:     2   Next: 51%
Magic:  1/1        EV:  9    Int:  5    God:
Gold:   12         SH:  4    Dex:  9    Spells: 1/1 levels left

rFire   . . .      SeeInvis .   a - +0 long sword
rCold   . . .      Faith    .   c - +0 buckler
rNeg    . . .      Spirit   .   b - +0 scale mail
rPois   .          Reflect  .   (helmet restricted)
rElec   .          Harm     .   (no cloak)
rCorr   .          Rampage  .   (no gloves)
Will    .....                   (no boots)
Stlth   ..........              (no amulet)
HPRegen 0.09/turn               (no ring)
MPRegen 0.07/turn               (no ring)

@: no status effects
A: horns 2, retaliatory headbutt
a: no special abilities


You were on level 1 of the Dungeon.
You visited 1 branch of the dungeon, and saw 1 of its levels.

You collected 12 gold pieces.

Inventory:

Hand Weapons
 a - a +0 long sword (weapon)
Armour
 b - a +0 scale mail (worn)
 c - a +0 buckler (worn)
Scrolls
 e - a scroll of identify {unknown}
 g - a scroll of holy word {unknown}
 h - a scroll of amnesia {unknown}
Potions
 d - a potion of might
 f - a potion of cancellation {unknown}


   Skills:
 + Level 3.9 Fighting
 + Level 2.6 Long Blades
 + Level 4.0 Armour
 + Level 3.9 Shields


You had one spell level left.
You didn't know any spells.
Your spell library was empty.

Dungeon Overview and Level Annotations

Branches:
Dungeon (1/15)

Altars:


Innate Abilities, Weirdness & Mutations

You have a pair of horns on your head.
You reflexively headbutt those who attack you in melee.


Message History

You hit the gnoll. Your headbutt misses the gnoll.
The gnoll is severely wounded.
The ball python bites you but does no damage. x2
The ball python constricts you.
The ball python bites you but does no damage.
You block the gnoll's attack. The ball python barely misses you.
The ball python constricts you.
The ball python bites you but does no damage.
You barely miss the gnoll.
The gnoll is severely wounded.
The ball python barely misses you.
The ball python bites you but does no damage.
The ball python barely misses you. The ball python constricts you.
The gnoll barely misses you.
The ball python bites you but does no damage.
The ball python bites you.
* * * LOW HITPOINT WARNING * * *
The ball python constricts you.
The ball python bites you but does no damage.
You barely miss the gnoll. You headbutt the gnoll.
You kill the gnoll!
The ball python barely misses you. x2
The ball python bites you but does no damage.
The ball python constricts you.
* * * LOW HITPOINT WARNING * * *
The ball python bites you but does no damage.
Your Armour skill increases to level 4!
You escape the ball python's grasp.
The ball python bites you but does no damage.
The ball python barely misses you. The ball python bites you.
* * * LOW HITPOINT WARNING * * *
The ball python grabs you. The ball python constricts you.
You escape the ball python's grasp.
The ball python barely misses you. You furiously retaliate!
You headbutt the ball python. You block the ball python's attack.
The ball python bites you but does no damage.
The ball python grabs you. The ball python constricts you.
You escape the ball python's grasp.
The ball python bites you.
You die...

#.##....# # ..
#..#....# #
.##..#)...####### ##
................# ♣♣.
......#............#
#.#
...................#
##.
....................#
♣#
......##.#...######.#
# ##...###@#...# # #
........S....# ♣
#.....SS#.#..# ♣
#.......#.#..#
#.......#.#..#
#.......#.#..#
#......)#.#..#
#....#....#...
##..###..###..


You could see 3 ball pythons.

Vanquished Creatures
  A gnoll (D:1)
  A dart slug (D:1)
  2 giant cockroaches (D:1)
  A quokka (D:1)
  A bat (D:1)
  A frilled lizard (D:1)
  A kobold (D:1)
8 creatures vanquished.

Notes
Turn   | Place    | Note
-------+----------+-------------------------------------------
     0 | D:1      | Peloso the Minotaur Fighter began the quest for the Orb.
     0 | D:1      | Reached XP level 1. HP: 19/19 MP: 0/0
    92 | D:1      | Reached XP level 2. HP: 27/27 MP: 1/1
   133 | D:1      | Reached skill level 4 in Armour
   133 | D:1      | HP: 1/27 [ball python (3)]
   137 | D:1      | Slain by a ball python

Illustrated notes

Levels and vault maps discovered:
D:1:      saegor_arrival_under_anarchy, layout_basic,
          nicolae_ecumenical_snake_handling, serial_shops,
          nicolae_shop_waterfront, nrook_campfire

Skill      XL: |  1  2 |
---------------+-------+-----
Armour         | 4 |  4.0
Fighting       | |  3.9
Long Blades    | |  2.6
Shields        | |  3.9

Action                   || total
-------------------------++-------
Melee: Long sword        ||    17
       Headbutt          ||     2
Armor: Scale mail        ||    27
Dodge: Dodged            ||    16
Block: Buckler           ||     7
